AoeStats
← bullseyes

African Clearing

506359497Analyzed
4v4 RM · 19d ago on Sep 13, 2026· 31m 33s· 8 players
Game mode
Random Map
Map size
Large (8 player)
Population
200
Speed
Normal
Resources
Standard
Victory
Conquest
Starting age
Dark Age
Ending age
Imperial Age
RankedLock teamsTeams togetherTeam positionsShared explorationLock speedFull tech treeHidden civsTurbo modeCheats
Victory
Defeat
🇪🇸 Georgians · Spain
1622
+11
🇹🇷 Goths · Türkiye
1590
+12
🇧🇪 Maya · Belgium
1562
+14
🇩🇰 Malians · Denmark
1524
+15
🇨🇳 Vikings · China
1571
-16
🇨🇳 Wei · China
1494
-12
🇨🇳 Byzantines · China
1489
-12
🇲🇽 Saracens · Mexico
1482
-12
3409853472
3:03 Loom
13:27 Feudal Age
13:57 Town Watch
14:01 Man-at-Arms
15:47 Double-Bit Axe
16:26 Horse Collar
18:53 Forging
18:51 Arson
19:26 Scale Mail Armor
22:59 Castle Age
25:41 Chain Mail Armor
26:06 Iron Casting
26:17 Squires
26:31 Bow Saw
26:21 Heavy Plow
26:46 Gold Mining
AutoClickerv3
12:35 Feudal Age
12:56 Fishing Lines
16:34 Castle Age
14:39 Double-Bit Axe
14:51 Stone Mining
15:29 Loom
16:16 Gold Mining
17:31 Bow Saw
26:05 Town Watch
27:22 Wheelbarrow
26:46 Horse Collar
28:10 Scale Barding Armor
28:37 Heavy Plow
29:17 Chain Barding Armor
30:00 Forging
31:38 Hand Cart
32:18 Stone Shaft Mining
32:07 Town Patrol
Professor4K
5:56 Loom
12:45 Feudal Age
12:50 Man-at-Arms
21:35 Castle Age
22:31 Fletching
31:07 Wheelbarrow
bullseyes
13:20 Feudal Age
17:19 Castle Age
15:06 Double-Bit Axe
15:41 Stone Mining
15:55 Loom
16:08 Horse Collar
16:41 Town Watch
18:26 Bow Saw
18:32 Town Watch
26:25 Wheelbarrow
26:22 Fletching
26:33 Padded Archer Armor
26:37 Heavy Plow
27:53 Hand Cart
28:41 Gold Mining
28:49 Bodkin Arrow
30:37 Stone Shaft Mining
[DH]Misratronic
7:57 Loom
14:03 Feudal Age
21:54 Castle Age
24:58 Scale Barding Armor
29:57 Forging
31:15 Wheelbarrow
hoot
12:23 Loom
14:16 Feudal Age
16:08 Double-Bit Axe
19:49 Castle Age
20:22 Fletching
20:33 Padded Archer Armor
21:01 Bodkin Arrow
22:27 Ballistics
22:32 Elite Skirmisher
23:52 Horse Collar
30:49 Leather Archer Armor
31:17 Wheelbarrow
岁月淹及
10:42 Loom
12:57 Feudal Age
12:27 Loom
16:56 Castle Age
15:21 Fletching
17:16 Padded Archer Armor
17:26 Double-Bit Axe
18:30 Bow Saw
18:37 Bodkin Arrow
18:54 Town Watch
20:20 Horse Collar
26:22 Wheelbarrow
26:39 Gold Mining
26:47 Stone Mining
28:39 Ballistics
28:39 Leather Archer Armor
29:18 Hand Cart
帅气的俊哥
13:12 Feudal Age
16:56 Castle Age
15:03 Double-Bit Axe
15:05 Loom
18:10 Fletching
18:29 Crossbowman
19:16 Padded Archer Armor
24:01 Bodkin Arrow
27:09 Leather Archer Armor
29:20 Scale Barding Armor
29:26 Forging
Connection lost

Rejoining the realm…

Still unreachable

The connection could not be restored.

Session expired

The server has moved on; the page needs a fresh start.